 Dungeon Crawl Stone Soup version 0.32-a0-7-ge934b4519a (webtiles) character file.

Game seed: 13803272254292915635

765 timneilson the Ruffian (level 7, 0/47 HPs)
             Began as an Octopode Shapeshifter on Jan 13, 2024.
             Slain by Blork the orc
             ... wielding a +0 long sword
              (9 damage)
             ... on level 4 of the Dungeon.
             The game lasted 00:07:07 (2957 turns).

timneilson the Ruffian (Octopode Shapeshifter)      Turns: 2957, Time: 00:07:07

Health: 0/47       AC:  1    Str: 15    XL:     7   Next: 81%
Magic:  7/7        EV: 14    Int: 12    God:
Gold:   165        SH:  0    Dex: 12    Spells: 6/6 levels left

rFire   . .          .
                       - Unarmed
rCold   . . .        (no shield)
rNeg    . . .        (helmet currently unavailable)
rPois   .            (no amulet)
rElec   .            (no ring)
rCorr   .            (no ring)
SInv    .            (no ring)
Will    .....        (no ring)
Stlth   ++           (no ring)
HPRegen 0.27/turn    (no ring)
MPRegen 0.10/turn    (no ring)
                     (no ring)

%: no passive effects
@: on fire, beast-form, glowing
A: beast (slay +2), almost no armour, amphibious, 8 rings, camouflage 1,
gelatinous body 1, (nimble swimmer 1), tentacles
a: Begin Untransformation


You were on level 4 of the Dungeon.
You were a hulking beast.
You visited 1 branch of the dungeon, and saw 4 of its levels.

You collected 165 gold pieces.

Inventory:

Jewellery
 t - a ring of wizardry
Talismans
 b - a beast talisman
 c - a flux talisman
Wands
 n - a wand of digging (6)
 r - a wand of flame (15)
Scrolls
 e - 2 scrolls of enchant armour
 g - a scroll of identify
 i - a scroll of fear
 k - a scroll of teleportation
 l - 2 scrolls of poison
 s - a scroll of revelation
Potions
 a - a potion of lignification
 d - a potion of attraction
 f - 3 potions of curing
 h - a potion of berserk rage {unknown}
 j - a potion of mutation {unknown}
 m - a potion of enlightenment {unknown}
 o - a potion of ambrosia {unknown}
 p - a potion of heal wounds {unknown}
 q - a potion of brilliance {unknown}
 u - a potion of resistance {unknown}


   Skills:
 * Level 3.7 Fighting
 * Level 4.2 Dodging
 + Level 3.6 Stealth
 * Level 4.7 Unarmed Combat
 + Level 2.2 Evocations
 * Level 4.5 Shapeshifting


You had 6 spell levels left.
You didn't know any spells.
Your spell library contained the following spells:

 Spells                   Type           Power      Damage    Failure   Level
 Hailstorm                Conj/Ice       0%         3d5       69%         3
 Summon Ice Beast         Ice/Summ       0%         N/A       69%         3
 Sculpt Simulacrum        Ice/Alch       0%         N/A       100%        6


Dungeon Overview and Level Annotations

Branches:
Dungeon (4/15)
 Temple: D:4-7

Altars:
Okawaru

Shops:
D:2 ?

Annotations:
D:4 Blork the orc


Innate Abilities, Weirdness & Mutations

You are a hulking beast.
Your limbs bulge with bestial killing power. (Slay +2)
You cannot wear most types of armour.
You are amphibious.
You can wear up to eight rings at the same time.
Your skin changes colour to match your surroundings (Stealth+).
Your rubbery body absorbs attacks. (AC +1, EV +1)
((You are camouflaged when in or above water. (Stealth+)))
You have tentacles for arms and can constrict up to eight enemies at once.


Message History

You tentacle-slap the endoplasm.
The endoplasm is almost dead.
You tentacle-slap the endoplasm.
You kill the endoplasm!
Found a sling.
Blork the orc and a bombardier beetle come into view.
Found a lumpy ruby potion.
Blork the orc shouts!
You tentacle-slap Blork the orc. You grab Blork the orc.
You squeeze Blork the orc.
Blork the orc is lightly wounded.
You constrict Blork the orc. Blork the orc closely misses you.
You tentacle-slap Blork the orc.
Blork the orc is moderately wounded.
You constrict Blork the orc, but do no damage.
Blork the orc hits you with a +0 long sword!
You tentacle-slap Blork the orc. You squeeze Blork the orc.
Blork the orc is moderately wounded.
You constrict Blork the orc.
Blork the orc hits you with a +0 long sword!
The bombardier beetle sprays incendiary fluid at you.
The burning spray hits you.
You are covered in liquid fire!
You tentacle-slap Blork the orc. Your squeeze misses Blork the orc.
Blork the orc is heavily wounded.
The liquid fire burns you!
You constrict Blork the orc. Blork the orc closely misses you.
You release your grip on Blork the orc.
You shake off some of the fire as you move.
The liquid fire burns you!
Blork the orc hits you with a +0 long sword!
* * * LOW HITPOINT WARNING * * *
You tentacle-slap the bombardier beetle.
You grab the bombardier beetle.
The bombardier beetle is lightly wounded.
The liquid fire burns you!
* * * LOW HITPOINT WARNING * * *
You constrict the bombardier beetle.
Blork the orc hits you with a +0 long sword!
You die...

.....# .....# ..)..#
######## .....#
##......## .....#
##........## .....#
#..........# .[...####
#..o.......# ........##
#...hB...!.#
...<.##..####....>.....#
.....###....#...........
.....# ####.##........##
....## #.#..........#
...## #............#
.###### ##...........#
......#####............#
[......................


You could see Blork the orc and a bombardier beetle.

Vanquished Creatures
  Grinder (D:4)
  Sigmund (D:3)
  A bullfrog (D:3)
  2 orc priests (D:3)
  3 hounds
  An iguana (D:3)
  3 orc wizards (D:3)
  5 adders
  5 dart slugs
  2 ribbon worms
  7 orcs
  5 endoplasms
  2 giant cockroaches
  6 goblins
  6 hobgoblins
  A ball python (D:2)
  4 bats
  A frilled lizard (D:1)
  9 kobolds
  6 rats
71 creatures vanquished.

Notes
Turn   | Place    | Note
-------+----------+-------------------------------------------
     0 | D:1      | timneilson the Octopode Shapeshifter began the quest for
                  | the Orb.
     0 | D:1      | Reached XP level 1. HP: 13/13 MP: 1/1
   185 | D:1      | Reached XP level 2. HP: 18/18 MP: 2/2
   449 | D:1      | Reached skill level 1 in Stealth
   820 | D:1      | Reached XP level 3. HP: 23/23 MP: 3/3
   993 | D:2      | Found an iron altar of Okawaru.
  1017 | D:2      | Found Boannes's Magic Scroll Shop.
  1545 | D:3      | Reached XP level 4. HP: 29/29 MP: 4/4
  1872 | D:3      | Noticed Sigmund
  1898 | D:3      | Killed Sigmund
  1899 | D:3      | Reached skill level 1 in Evocations
  1899 | D:3      | Reached XP level 5. HP: 25/35 MP: 5/5
  1899 | D:3      | Reached XP level 6. HP: 29/41 MP: 6/6
  2152 | D:3      | Found a faded altar of an unknown god.
  2576 | D:3      | Reached XP level 7. HP: 46/46 MP: 7/7
  2830 | D:4      | Noticed Grinder
  2841 | D:4      | Killed Grinder
  2948 | D:4      | Noticed Blork the orc
  2957 | D:4      | Slain by Blork the orc

Illustrated notes

Levels and vault maps discovered:
D:1:      dpeg_arrival_refuge, layout_basic, minmay_worlds_worst_comb
D:2:      layout_basic, serial_shops, nicolae_shop_tiny_glass, basic_altar
D:3:      layout_loops_corners, ebering_ecumenical_altar_sacrificial,
          kennysheep_generic_room_2, uniq_sigmund
D:4:      layout_rooms, minmay_snake_closets, uniq_blork_the_orc, uniq_grinder,
          uniq_crazy_yiuf_cottage

Skill      XL: |  1  2  3  4  5  6  7 |
---------------+----------------------+-----
Stealth        | 1 2 3 |  3.6
Fighting       | 2 3 |  3.7
Dodging        | 3 4 |  4.2
Evocations     | 1 2 |  2.2
Unarmed Combat | 4 |  4.7
Shapeshifting  | 4 |  4.5

Action                     |  1- 3 |  4- 6 |  7- 9 || total
---------------------------+-------+-------+-------++-------
  Melee: Unarmed           |    53 |    46 |    48 ||   147
         Tentacles         |    11 |    15 |    11 ||    37
         Constrict         |    17 |    16 |    11 ||    44
         Punch             |     3 |       |     3 ||     6
    Use: Scroll            |     7 |       |     3 ||    10
   Stab: Sleeping          |    11 |     5 |     2 ||    18
 Armour: Skin              |    14 |    18 |    13 ||    45
  Dodge: Dodged            |    21 |    19 |    18 ||    58

Table legend: (Time is in decaauts)
 A = Elapsed time spent in this place.
 B = Non-inter-level travel time spent in this place.
 C = Inter-level travel time spent in this place.
 D = Time resting spent in this place.
 E = Time spent auto-exploring this place.
 F = Levels seen in this place.
 G = Mean time per level.
                   A        B        C        D        E       F      G
               +--------+--------+--------+--------+--------+-----+--------+
         Total |   2946 |   2807 |    139 |     40 |   2093 |   4 |  736.5 |
       Dungeon |   2946 |   2807 |    139 |     40 |   2093 |   4 |  736.5 |
               +--------+--------+--------+--------+--------+-----+--------+

Top non-repeatable levels by time:
     D:3: 1225 daAuts
     D:1: 960 daAuts
     D:2: 575 daAuts
     D:4: 185 daAuts
